 Seeded DCSS version 0.27.1-33-g824d729ab1 (webtiles) character file.

Game seed: 7670440603315191966 (custom seed)

6861 wilfster70 the Cleaver (level 11, -4/60 HPs)
             Began as a Gargoyle Fighter on Dec 21, 2021.
             Was a Follower of Nemelex Xobeh.
             Slain by a boulder beetle (23 damage)
             ... on level 10 of the Dungeon.
             The game lasted 00:27:16 (13761 turns).

wilfster70 the Cleaver (Gargoyle Fighter)          Turns: 13761, Time: 00:27:17

Health: -4/60      AC: 18    Str: 21    XL:     11   Next: 6%
Magic:  11/11      EV: 10    Int: 20    God:    Nemelex Xobeh [*.....]
Gold:   1313       SH: 11    Dex:  4    Spells: 10/10 levels left

rFire    . . .     SeeInvis .   a - +3 broad axe of the Traitor {elec, Will+ Int+9 Dex-5}
rCold    . . .     Faith    .   c - +0 kite shield
rNeg     + + .     Spirit   .   x - +0 steam dragon scales
rPois    ∞         Reflect  .   w - +0 helmet
rElec    +         Harm     .   f - +0 cloak
rCorr    .         Rampage  .   (no gloves)
Will     +....                  h - +0 pair of boots
Stlth    +.........             (no amulet)
HPRegen  0.20/turn              i - ring of flight
MPRegen  0.12/turn              y - ring of positive energy

@: flying, studying Armour
A: sickness immunity, AC +8, negative energy resistance 1, electricity
resistance, torment resistance 1, petrification resistance
a: Renounce Religion, Draw Escape, Draw Destruction, Draw Summoning


You were on level 10 of the Dungeon.
You worshipped Nemelex Xobeh.
Nemelex Xobeh was aware of your devotion.
You visited 2 branches of the dungeon, and saw 11 of its levels.
You also visited: Sewer, Ossuary and Bailey.

You collected 1313 gold pieces.

Inventory:

Hand Weapons
 a - the +3 broad axe of the Traitor (weapon) {elec, Will+ Int+9 Dex-5}
   (You acquired it on level 3 of the Dungeon)

   It occasionally discharges a powerful burst of electricity upon striking a
   foe.
   Int:       It affects your intelligence (+9).
   Dex:       It affects your dexterity (-5).
   Will:      It increases your willpower.
 b - a +2 whip of electrocution
Missiles
 j - 36 sling bullets
 n - 179 stones (quivered)
 N - 8 throwing nets
Armour
 c - a +0 kite shield (worn)
 f - a +0 cloak (worn)
 h - a +0 pair of boots (worn)
 w - a +0 helmet (worn)
 x - +0 steam dragon scales (worn)
 D - the +1 robe of the Loofah {rElec Will+ Str+2 Int+4}
   (You found it on level 5 of the Dungeon)

   Str:       It affects your strength (+2).
   Int:       It affects your intelligence (+4).
   rElec:     It insulates you from electricity.
   Will:      It increases your willpower.
Magical Staves
 M - a staff of earth
Jewellery
 e - a ring of ice
 i - a ring of flight (left hand)
 y - a ring of positive energy (right hand)
 z - a ring of willpower
 H - a ring of positive energy
 I - a +4 ring of evasion
Wands
 l - a wand of mindburst (16)
 C - a wand of charming (8)
 E - a wand of iceblast (7)
 F - a wand of digging (3)
Scrolls
 g - 4 scrolls of fog
 m - 4 scrolls of teleportation
 p - 3 scrolls of amnesia
 q - 2 scrolls of enchant weapon
 r - a scroll of identify
 v - 3 scrolls of enchant armour
 A - 2 scrolls of silence
 G - a scroll of brand weapon
Potions
 d - 3 potions of might
 k - 2 potions of magic
 o - 6 potions of heal wounds
 s - 5 potions of mutation
 t - 3 potions of cancellation
 u - a potion of invisibility
 B - 5 potions of curing
 J - a potion of haste
 L - 2 potions of brilliance


   Skills:
 - Level 3.2 Fighting
 * Level 11.8 Axes
 - Level 8.0 Armour
 + Level 10.5 Shields


You had 10 spell levels left.
You didn't know any spells.
Your spell library contained the following spells:

 Spells                   Type           Power      Damage    Failure   Level
 Ensorcelled Hibernation  Hex/Ice        0%         N/A       45%         2
 Spider Form              Tmut/Pois      0%         N/A       69%         3
 Shadow Creatures         Summ           N/A        N/A       100%        6


Dungeon Overview and Level Annotations

Branches:
Dungeon (10/15)            Temple (1/1) D:5           Sewer (visited)
Ossuary (visited)          Bailey (visited)
   Lair: D:8-11         Orc: D:9-12

Altars:
Ashenzari
Cheibriados
Dithmenos
Elyvilon
Fedhas
Gozag
Hepliaklqana
Kikubaaqudgha
Makhleb
Nemelex Xobeh
Okawaru
Qazlal
Ru
Sif Muna
Trog
Uskayaw
Vehumet
Wu Jian
Xom
Yredelemnul
Zin
The Shining One

Shops:
D:6 [   D:7 [

Annotations:
D:8 exclusion: ice statue


Innate Abilities, Weirdness & Mutations

You are immune to sickness and miasma.
Your stone body is resilient. (AC +8)
You are immune to poison.
You resist negative energy. (rN+)
You are resistant to electric shocks. (rElec)
You are resistant to unholy torment.
You are immune to petrification.


Message History

Press: ? - help, Shift-Dir - straight line, f/p - boulder beetle
Aim: a boulder beetle (heavily wounded)
The mass of ice explodes!
The iceblast engulfs the boulder beetle.
The boulder beetle is heavily wounded.
Aiming: Iceblast
Press: ? - help, Shift-Dir - straight line, f/p - boulder beetle
Aim: a boulder beetle (heavily wounded)
The mass of ice explodes!
The iceblast engulfs the boulder beetle!
The boulder beetle is severely wounded.
You barely miss the boulder beetle.
The boulder beetle is severely wounded.
The boulder beetle bites you but does no damage.
You hit the boulder beetle but do no damage.
The boulder beetle is severely wounded.
The boulder beetle closely misses you.
You hit the boulder beetle but do no damage.
The boulder beetle is severely wounded.
The boulder beetle bites you but does no damage.
You hit the boulder beetle but do no damage.
The boulder beetle is severely wounded.
You block the boulder beetle's attack.
You barely miss the boulder beetle.
The boulder beetle is severely wounded.
The boulder beetle bites you but does no damage.
You hit the boulder beetle but do no damage.
The boulder beetle is severely wounded.
The boulder beetle bites you.
You slash the boulder beetle!
Lightning courses through the boulder beetle!
The boulder beetle is almost dead.
The boulder beetle bites you!
The boulder beetle waves its antennae.
The boulder beetle closely misses you.
You hit the boulder beetle but do no damage.
The boulder beetle is almost dead.
The boulder beetle bites you!!
You die...
Your body disappears without a glow.

#...#.#........#####......
#.>................+......
#.............######......
#####...####### ####...
#...# #... #...# #...
#...# #... #...#### ...#
#...#@.## .... #...B##.#
#...###.# #...#).##
#...### ##... #... ##..
....


You could see a boulder beetle.

Vanquished Creatures
  Pikel (D:6)
  An unseen horror (D:9)
  A troll (D:10)
  Sigmund (D:4)
  A vampire (D:10)
  2 wyverns
  4 yaks (D:9)
  2 steam dragons
  Duvessa (D:3)
  A black bear (D:5)
  An orc warrior (D:8)
  A sky beast (D:6)
  4 ogres
  3 wolves
  3 centaurs
  2 phantoms
  2 kobold brigands (Sewer)
  8 gnoll sergeants (Bailey)
  A bullfrog (D:8)
  3 scorpions (D:4)
  3 water moccasin zombies
  A wyvern skeleton (D:6)
  Dowan (D:4)
  6 killer bees
  2 howler monkeys
  8 wights
  2 centaur zombies
  A bullfrog skeleton (D:6)
  4 hounds
  Crazy Yiuf (D:2)
  2 centaur skeletons
  3 orc priests
  A jelly (D:6)
  6 gnoll shamans (Bailey)
  Ijyb (D:4)
  An orc wizard (D:5)
  2 killer bee zombies
  2 hound zombies
  2 mummies (Ossuary)
  17 gnolls
  17 adders
  10 river rats
  4 white imps
  3 adder skeletons
  An adder zombie (Ossuary)
  4 worms
  3 dart slugs (D:2)
  26 orcs
  17 ball pythons
  6 endoplasms
  2 giant cockroaches (D:1)
  4 gnoll zombies (Ossuary)
  6 goblins
  7 hobgoblins
  4 jackals (D:2)
  5 quokkas
  A ball python skeleton (D:3)
  A ball python zombie (D:3)
  6 bats
  3 frilled lizards
  2 goblin zombies (D:5)
  3 hobgoblin zombies (Ossuary)
  19 kobolds
  7 kobold zombies (Ossuary)
  4 orc zombies (Ossuary)
  30 rats
  A spectral goblin (D:1)
305 creatures vanquished.

Vanquished Creatures (others)
  5 plants (D:1)
5 creatures vanquished.

Grand Total: 310 creatures vanquished

Notes
Turn   | Place    | Note
-------+----------+-------------------------------------------
     0 | D:1      | wilfster70 the Gargoyle Fighter began the quest for the
                  | Orb.
     0 | D:1      | Reached XP level 1. HP: 14/14 MP: 1/1
    85 | D:1      | Identified a scroll of acquirement
    85 | D:1      | Acquired a manual of Armour
   139 | D:1      | Reached skill level 2 in Axes
   305 | D:1      | Reached XP level 2. HP: 13/19 MP: 2/2
   760 | D:1      | Found a faded altar of an unknown god.
   822 | D:1      | Reached XP level 3. HP: 23/23 MP: 3/3
  1551 | D:2      | Reached skill level 3 in Axes
  1551 | D:2      | Reached XP level 4. HP: 15/28 MP: 4/4
  2196 | D:2      | Found a runed translucent door.
  2197 | D:2      | Noticed Crazy Yiuf
  2208 | D:2      | Killed Crazy Yiuf
  2525 | D:3      | Reached XP level 5. HP: 30/32 MP: 5/5
  2539 | D:3      | Reached skill level 5 in Armour
  2604 | D:3      | Acquired the +3 broad axe of the Traitor {elec, Will+ Int+9
                  | Dex-5}
  2782 | D:3      | Reached skill level 4 in Axes
  2788 | D:3      | Reached XP level 6. HP: 24/37 MP: 6/6
  2789 | D:3      | Found a glowing drain.
  2794 | Sewer    | Entered a sewer
  3251 | Sewer    | Reached skill level 5 in Shields
  3251 | Sewer    | Reached XP level 7. HP: 40/41 MP: 7/7
  3367 | D:3      | Reached skill level 5 in Axes
  4338 | D:4      | Noticed Duvessa
  4341 | D:4      | Noticed Dowan
  4354 | D:4      | Killed Dowan
  4370 | D:4      | Noticed Ijyb
  4735 | D:3      | HP: 2/41 [Duvessa (4)]
  4736 | D:3      | Killed Duvessa
  5043 | D:4      | Killed Ijyb
  5428 | D:4      | Noticed Sigmund
  5437 | D:4      | Killed Sigmund
  5438 | D:4      | Reached skill level 6 in Axes
  5438 | D:4      | Reached XP level 8. HP: 30/46 MP: 8/8
  5863 | D:5      | Entered Level 5 of the Dungeon
  5956 | D:4      | Reached skill level 7 in Axes
  6221 | D:5      | Identified the +1 robe of the Loofah {rElec Will+ Str+2
                  | Int+4}
  6355 | D:5      | Identified the +0 robe of the Chupacabra {rPois}
  6425 | D:5      | Found a sand-covered staircase.
  6432 | Ossuary  | Entered an ossuary
  6457 | Ossuary  | Reached XP level 9. HP: 45/51 MP: 9/9
  6752 | D:5      | Reached skill level 8 in Axes
  6843 | D:5      | Found a staircase to the Ecumenical Temple.
  7323 | D:6      | Noticed Pikel
  7342 | D:6      | Killed Pikel
  7443 | D:6      | Found Uwne's Armour Shoppe.
  7618 | D:6      | Reached skill level 9 in Axes
  8418 | D:7      | Found Neofipif's Armour Boutique.
  8659 | D:7      | Noticed a moth of wrath
  8662 | D:7      | Found a bloodstained altar of Trog.
  8798 | Temple   | Entered the Ecumenical Temple
  8861 | Temple   | Became a worshipper of Nemelex Xobeh the Trickster
  8920 | D:8      | Reached XP level 10. HP: 50/56 MP: 10/10
  8935 | D:8      | Noticed an ice statue
  9161 | D:8      | Found a flagged portal.
  9170 | Bailey   | Entered a bailey
  9175 | Bailey   | Reached skill level 10 in Axes
 12238 | D:9      | Killed an unseen horror
 12428 | D:9      | Reached skill level 11 in Axes
 12593 | D:9      | Reached skill level 10 in Shields
 12988 | D:10     | Entered Level 10 of the Dungeon
 13039 | D:10     | Reached * piety under Nemelex Xobeh
 13577 | D:10     | Reached XP level 11. HP: 56/60 MP: 11/11
 13739 | D:10     | Noticed a boulder beetle
 13761 | D:10     | Slain by a boulder beetle

Illustrated notes

Levels and vault maps discovered:
D:1:      wheals_arrival_shading, layout_basic,
          dreamdust_ecumenical_altar_drowned_temple, kennysheep_boxes
D:2:      layout_loops_corners, nrook_mini_backslash, uniq_crazy_yiuf_cottage
D:3:      layout_basic, serial_undead, serial_undead_e, serial_undead_d,
          serial_undead_a, serial_undead_a, lightli_sewer_entry_pipes
D:4:      layout_loops_cross, uniq_sigmund, uniq_ijyb, uniq_duvessa
D:5:      layout_basic, minmay_temple_entry_from_below_a, enter_ossuary_4
D:6:      layout_rooms, serial_shops, nicolae_lakefront_shop, uniq_pikel
D:7:      layout_basic, tgw_trog, serial_shops, nicolae_shop_waterfront
D:8:      cheibrodos_frozen_isle, layout_gridville, enter_bailey_2,
          kennysheep_generic_room_12
D:9:      layout_rooms
D:10:     minmay_wavy_crystal, layout_basic, erik_lair_island,
          hangedman_decor_peaks_small
Temple:   compressed_dpeg_circular_temple

Skill      XL: |  1  2  3  4  5  6  7  8  9 10 |
---------------+-------------------------------+-----
Axes           | 2 3 4 6 7 9 11 | 11.8
Armour         | 4 5 6 7 8 |  8.0
Shields        | 4 5 7 8 10 | 10.5
Fighting       | |  3.2

Action                   |  1- 3 |  4- 6 |  7- 9 | 10-12 || total
-------------------------+-------+-------+-------+-------++-------
Melee: War axe           |   131 |   108 |       |       ||   239
       Broad axe         |       |    70 |   362 |   298 ||   730
Evoke: Wand              |       |       |       |     3 ||     3
  Use: Scroll            |     1 |     6 |    11 |     9 ||    27
       Potion            |       |       |     3 |     1 ||     4
Armor: Scale mail        |    81 |   138 |   195 |   126 ||   540
       Steam dragon scal |       |       |       |    75 ||    75
Dodge: Dodged            |    69 |    89 |    99 |   154 ||   411
Block: Kite shield       |    92 |   109 |   200 |   281 ||   682
